 Dungeon Sprint DCSS version 0.22.1-2-g9c5b331 (webtiles) character file.

1259 diana the Imperceptible (level 8, 0/38 HPs)
             Began as a Spriggan Assassin on Dec 21, 2018.
             Was an Initiate of Okawaru.
             Slain by Erica
             ... wielding a +0 scimitar of flaming
              (5 damage)
             ... in the Dungeon (Sprint III: "The Ten Rune Challenge").
             The game lasted 00:06:50 (805 turns).

diana the Imperceptible (Spriggan Assassin)          Turns: 805, Time: 00:06:50

Health: 0/38       AC:  4    Str:  7    XL:     8   Next: 27%
Magic:  10/10      EV: 17    Int: 13    God:    Okawaru [......]
Gold:   31         SH:  0    Dex: 19    Spells: 6/7 levels left

rFire    . . .     SeeInvis +   a - +2 dagger
rCold    . . .     Gourm    .   (shield restricted)
rNeg     . . .     Faith    .   c - +0 robe
rPois    .         Spirit   .   (helmet restricted)
rElec    .         Reflect  .   d - +0 cloak
rCorr    .         Harm     .   (gloves unavailable)
MR       +....     NoTele   +   (boots unavailable)
Stlth    +++.......             (no amulet)
HPRegen  0.12/turn              (no ring)
MPRegen  0.12/turn              (no ring)

@: confused, slowed, quick
A: very small, unfitting armour, large bone plates 1, rugged brown scales 1, see
invisible, herbivore, speed 3, high mp 2, slow metabolism 2
a: Renounce Religion


You were in the Dungeon.
You worshipped Okawaru.
Okawaru was noncommittal.
You were not hungry.

You visited 1 branch You collected 31 gold pieces.

Inventory:

Hand Weapons
 a - a +2 dagger (weapon)
 b - a +0 blowgun
 u - a +2 long sword of holy wrath
Armour
 c - a +0 robe (worn)
 d - a +0 cloak (worn)
Scrolls
 m - a scroll of blinking
 o - a scroll of torment {unknown}
 p - a scroll of fear {unknown}
 q - 2 scrolls of remove curse {unknown}
 s - a scroll of holy word {unknown}
 t - 2 scrolls of identify
Potions
 i - a potion of heal wounds
 j - a potion of haste
 k - 2 potions of magic
 n - 2 potions of mutation
 r - 4 potions of flight
Miscellaneous
 l - a phantom mirror
Comestibles
 g - 5 rations


   Skills:
 + Level 1.5 Fighting
 - Level 10.4 Short Blades
 - Level 2.0 Throwing
 + Level 1.5 Dodging
 + Level 22.0 Stealth


You had 6 spell levels left.
You knew the following spells:

 Your Spells              Type           Power        Failure   Level  Hunger
a - Apportation           Tloc           #.....       30%         1    ##.....

Your spell library contained the following spells:

 Spells                   Type           Power        Failure   Level  Hunger
 Animate Skeleton         Necr           N/A          30%         1    ##.....
 Confusing Touch          Hex            #.....       30%         1    ##.....
 Summon Small Mammal      Summ           #...         30%         1    ##.....


Dungeon Overview and Level Annotations

Branches:
Dungeon (1/1)

Altars:
Cheibriados
Dithmenos
Elyvilon
Fedhas
Gozag
Hepliaklqana
Kikubaaqudgha
Makhleb
Nemelex Xobeh
Okawaru
Qazlal
Ru
Sif Muna
Trog
Uskayaw
Vehumet
Wu Jian
Xom
Yredelemnul
Zin
The Shining One
Beogh
Jiyva
Lugonu

Annotations:
D Erica


Innate Abilities, Weirdness & Mutations

You are very small and have problems with some larger weapons.
You are too small for most types of armour.
You have supernaturally acute eyesight. (SInv)
You are a herbivore.
You cover ground extremely quickly.
You need to consume almost no food.
You are partially covered in large bone plates. (SH +4)
You are partially covered in rugged brown scales. (AC +1, +3% HP)
You have a considerably increased reservoir of magic. (+20% MP)


Message History

Erica barely misses you.
You completely miss Erica.
Erica is almost dead.
You barely miss Erica.
Erica is almost dead.
You block Erica's attack.
You closely miss Erica.
Erica is almost dead.
You barely miss Erica.
Erica is almost dead.
Erica casts a spell at you.
You easily resist.
You hit Erica but do no damage.
Erica is almost dead.
Erica gestures at you while chanting.
You are confused.
Erica hits you with a scimitar of flaming!
* * * LOW HITPOINT WARNING * * *
Erica burns you.
You die...

▓▓▓▓▓▓▓▓ ▓▓▓ <..#...####
##.############
...#......#####..#___#___#__#
..##.......#..#..#÷..#__)#._#
##.##.##..)#..#..###'#'###'##
##.##.###..##'#..#.......)..#
#.####.##..###..@@.⌠.....(..#
.###..##..####...#...######'#
#.....##..###....#.⌠.#__#...#+###
###..##...##.....#...#__#...#§@§§
##..##....#......#'###__#..(#.#§§
#..###..##.#.....#.))#__#...(.#@§
#..# #..#####....#___#__'..(#.#§§
▓▓▓▓ ▓▓▓▓ ▓▓▓▓▓▓▓▓▓▓▓▓▓▓▓▓▓▓▓ + ,


You could see Erica (invisible).

Vanquished Creatures
  A deep elf mage (D)
  A shadow (D)
  A spatial vortex (D)
  A necrophage (D)
  A water elemental (D)
  A jelly (D)
  A wizard (D)
  Jessica (D)
  A necromancer (D)
  3 humans (D)
  A kobold demonologist (D)
  A wolf (D)
  An ooze (D)
  2 rats (D)
17 creatures vanquished.

Vanquished Creatures (others)
  2 draconian scorchers (D)
  A yaktaur (D)
  6 hellions (D)
9 creatures vanquished.

Grand Total: 26 creatures vanquished

Notes
Turn   | Place    | Note
-------+----------+-------------------------------------------
     0 | D        | diana the Spriggan Assassin began the quest for the Orb.
     0 | D        | Reached XP level 1. HP: 10/10 MP: 2/2
    11 | D        | Reached skill level 7 in Stealth
    13 | D        | Reached skill level 8 in Stealth
    58 | D        | Killed a yaktaur
   138 | D        | Killed a hellion
   139 | D        | Killed a hellion
   144 | D        | Noticed Jessica
   148 | D        | Killed Jessica
   148 | D        | Reached skill level 11 in Stealth
   148 | D        | Reached XP level 2. HP: 14/14 MP: 3/3
   148 | D        | Reached XP level 3. HP: 18/18 MP: 4/4
   262 | D        | Killed a white draconian scorcher
   274 | D        | Killed a white draconian scorcher
   281 | D        | Reached skill level 12 in Stealth
   323 | D        | Gained mutation: You do not regenerate when monsters are
                  | visible. [potion of mutation]
   323 | D        | Gained mutation: You have a pair of small antennae on your
                  | head. [potion of mutation]
   323 | D        | Gained mutation: You passively map a small area around you.
                  | [potion of mutation]
   324 | D        | Lost mutation: You have a pair of small antennae on your
                  | head. [potion of mutation]
   324 | D        | Lost mutation: You passively map a small area around you.
                  | [potion of mutation]
   324 | D        | Gained mutation: You possess an exceptional clarity of
                  | mind. [potion of mutation]
   324 | D        | Gained mutation: You are partially covered in large bone
                  | plates. (SH +4) [potion of mutation]
   324 | D        | Gained mutation: You have an increased reservoir of magic.
                  | (+10% MP) [potion of mutation]
   325 | D        | Lost mutation: You do not regenerate when monsters are
                  | visible. [potion of mutation]
   325 | D        | Lost mutation: You possess an exceptional clarity of mind.
                  | [potion of mutation]
   325 | D        | Gained mutation: You are partially covered in rugged brown
                  | scales. (AC +1, +3% HP) [potion of mutation]
   325 | D        | Gained mutation: You have a considerably increased
                  | reservoir of magic. (+20% MP) [potion of mutation]
   330 | D        | Noticed a water elemental
   333 | D        | Killed a water elemental
   333 | D        | Reached skill level 15 in Stealth
   333 | D        | Reached XP level 4. HP: 22/22 MP: 5/5
   339 | D        | Found a glowing silver altar of Zin.
   340 | D        | Found a glowing golden altar of the Shining One.
   340 | D        | Found a white marble altar of Elyvilon.
   340 | D        | Noticed a deep elf mage
   342 | D        | Killed a deep elf mage
   342 | D        | Reached skill level 21 in Stealth
   342 | D        | Reached XP level 5. HP: 25/25 MP: 7/7
   342 | D        | Reached XP level 6. HP: 30/30 MP: 8/8
   342 | D        | Reached XP level 7. HP: 33/33 MP: 9/9
   349 | D        | Found a radiant altar of Vehumet.
   350 | D        | Found a deep blue altar of Sif Muna.
   350 | D        | Found an ancient bone altar of Kikubaaqudgha.
   351 | D        | Killed a hellion
   351 | D        | Killed a hellion
   351 | D        | Killed a hellion
   360 | D        | Learned a level 1 spell: Apportation
   377 | D        | Found a basalt altar of Yredelemnul.
   377 | D        | Found a shadowy altar of Dithmenos.
   377 | D        | Found a sacrificial altar of Ru.
   400 | D        | Reached skill level 22 in Stealth
   475 | D        | Found a hide-covered altar of Uskayaw.
   475 | D        | Found an iron altar of Okawaru.
   476 | D        | Found a roughly hewn altar of Beogh.
   476 | D        | Found a bloodstained altar of Trog.
   476 | D        | Found an ornate altar of the Wu Jian Council.
   476 | D        | Noticed a human
   476 | D        | Noticed a human
   478 | D        | Killed a human
   530 | D        | Killed a hellion
   544 | D        | Killed a human
   570 | D        | Became a worshipper of Warmaster Okawaru
   640 | D        | Noticed a shadow
   658 | D        | Killed a shadow
   658 | D        | Reached XP level 8. HP: 35/38 MP: 10/10
   708 | D        | Found a blossoming altar of Fedhas.
   708 | D        | Found a stormy altar of Qazlal.
   708 | D        | Found a snail-covered altar of Cheibriados.
   708 | D        | Found a burning altar of Makhleb.
   708 | D        | Found a shimmering altar of Xom.
   709 | D        | Found a hazy altar of Hepliaklqana.
   709 | D        | Found an opulent altar of Gozag.
   709 | D        | Found a sparkling altar of Nemelex Xobeh.
   709 | D        | Found a corrupted altar of Lugonu.
   709 | D        | Found a viscous altar of Jiyva.
   740 | D        | Reached skill level 10 in Short Blades
   755 | D        | Noticed Erica
   805 | D        | Slain by Erica

Skill      XL: |  1  2  3  4  5  6  7  8 |
---------------+-------------------------+-----
Stealth        | 11 15 21 22 | 22.0
Short Blades   | 9 10 | 10.4
Fighting       | |  1.5
Throwing       | |  2.0
Dodging        | |  1.5

Action                   |  1- 3 |  4- 6 |  7- 9 || total
-------------------------+-------+-------+-------++-------
Melee: Dagger            |    13 |     1 |    94 ||   108
 Fire: Blowgun           |     7 |       |    17 ||    24
  Use: Potion            |     3 |       |     4 ||     7
 Stab: Sleeping          |     5 |     1 |     3 ||     9
Armor: Robe              |       |       |     8 ||     8
Dodge: Dodged            |     5 |       |    25 ||    30
Block: Other             |       |       |     7 ||     7
